Sunflower, neutral female sylph Priestess ---.---- |......| |......| ------ |<.....| .....| ##-......| |..).| # ---.---- ......#### |....| .@...| |...{| ------ Sunflower the Acolyte Experience level: 3 Strength: 9 Dexterity: 12 Constitution: 14 Intelligence: 19 Wisdom: 10 Charisma: 9 Health: 21(21) Energy: 27(27) Def: 3 Gold: 221 Moves: 1025 Dungeon seed: O9Tu0LzgVlIyBpu7 Game ID: Sunflower_1525283813 Your Inventory: Coins $ - 221 gold pieces Weapons a - a blessed +1 mace (weapon in hand) Armor e - a +0 robe (being worn) n - a +0 small shield (being worn) Comestibles c - a clove of garlic d - 3 sprigs of wolfsbane m - a food ration Scrolls o - a blessed scroll of genocide q - a scroll of scare monster Spellbooks g - a spellbook of identify h - a spellbook of detect food i - a spellbook of protection Potions b - 4 potions of holy water j - a potion of gain energy k - a potion of healing l - a blessed potion of oil p - a potion of sleeping Wands f - a wand of cancellation (0:1) Spells and supernatural/magical abilities: Name Level Category Fail Memory p - protection 1 clerical 0% 95% E - detect food 2 divination 0% 95% I - identify 3 divination 0% 95% W - pray for help -- divine ? -- X - turn undead -- divine ? -- Your skills at the end: Miscellaneous Skills shield [Basic] wands [Basic] Weapon Skills mace [Basic] Spellcasting Skills divination spells [Basic] clerical spells [Basic] Final Attributes: You were devoutly aligned. You saw invisible. You were very stealthy. You were protected from shape changers. You were lucky. You survived. Vanquished creatures: a giant bat a coyote 2 hobbits an acid blob 5 jackals 2 newts 3 goblins 3 sewer rats a grid bug a lichen a kobold zombie 21 creatures vanquished. Voluntary challenges: You went without food. You did not adorn yourself with jewelry or accessories. You did not cause conflict. You were not invisible. You did not have reflection. You were not displaced. You used a wielded weapon 22 times, starting on turn 29. You did not apply a unicorn horn. You did not use plumbed fixtures. You did not drink any magical draughts. You were illiterate. You never genocided any monsters. You never polymorphed an object. You never changed form. You used no wishes. You never split a pudding. You never wrote Elbereth's name. You never violated your personal moral code. Dungeon overview: The Dungeons of Doom: levels 1 to 4 Level 1 a fountain a long staircase Level 2 a general store, a fountain stairs to The Gnomish Mines Level 3 an armor shop Level 4 <- You were here a fountain The Gnomish Mines: Level 3 stairs to The Dungeons of Doom History has recorded: On T:1 you entered the Dungeons of Doom to retrieve the Amulet of Yendor! On T:320 you reached level 2 of The Dungeons of Doom. On T:371 you reached level 1 of The Gnomish Mines. On T:584 you reached level 3 of The Dungeons of Doom. On T:645 you advanced to experience level 2. On T:721 you reached level 4 of The Dungeons of Doom. On T:725 you advanced to experience level 3. On T:761 you prayed to Odin. Score breakdown: Gold: 221 ( 22 points) Experience: 3 levels ( 200 points) Exploration: 4 levels ( 90 points) Discoveries: 9 items ( 450 points) Variety of kills: 11 monsters ( 550 points) Major goal: (nothing yet) ( 0 points) Survival: quit (score multiplied by 3) Total score: 3936 Latest messages: You see here a studded leather armor (20 zorkmids). You drop a cursed -3 pair of levitation boots (unpaid, 53 zorkmids). You drop a +0 cloak of displacement (unpaid, 67 zorkmids). You drop a +0 cloak of protection (unpaid, 89 zorkmids). You drop a +0 helm of brilliance (unpaid, 67 zorkmids). You drop 3 worthless pieces of yellowish brown glass. Boyabai seems uninterested. You drop a worthless piece of red glass. Boyabai seems uninterested. You see here an elven mithril-coat. The door opens. You hit the hobbit. The hobbit wields a dagger! You kill the hobbit! You hear some noises. You see here a dagger. You hear some noises in the distance. $ - 49 gold pieces. You see here a dagger. q - a scroll labeled ABRA KA DABRA. Never mind. Final status: Goodbye Sunflower the Priestess, quit... You quit in The Dungeons of Doom on dungeon level 4 with 3936 points, and 221 pieces of gold, after 1025 moves. You were level 3 with a maximum of 21 hit points when you quit.